 Dungeon Crawl Stone Soup version 0.27-a0-249-g74f53ef629 (webtiles) character file.

Game seed: 2791071557313161324

271934 gimp the Peltast (level 20, -4/135 HPs)
             Began as an Octopode Earth Elementalist on Feb 3, 2021.
             Was a High Priest of Sif Muna.
             Slain by Xtahua (19 damage)
             ... while paralysed by Xtahua
             ... on level 3 of the Vaults on Feb 4, 2021.
             The game lasted 02:33:37 (59143 turns).

gimp the Peltast (Octopode Earth Elementalist)     Turns: 59143, Time: 02:33:37

Health: -4/135     AC:  3    Str: 10    XL:     20   Next: 25%
Magic:  5/47       EV:  2    Int: 29    God:    Sif Muna [*****.]
Gold:   1909       SH:  0    Dex: 20    Spells: 6/47 levels left

rFire    + + +     SeeInvis +   (no weapon)
rCold    + + +     Faith    .   c - +6 tower shield {rC+ rF+}
rNeg     + . .     Spirit   .   J - +2 hat {SInv}
rPois    +         Reflect  .   C - amulet of regeneration
rElec    +         Harm     .   r - ring of protection from fire
rCorr    .         Rampage  .   F - ring "Eqiereah" {MP+9 Int+4}
Will     ++...                  H - +4 ring of evasion
Stlth    ++++++....             M - ring of Miorchergh {rC+ rN+ Str+3 Dex+2}
HPRegen  0.72/turn              x - ring of poison resistance
MPRegen  0.30/turn              o - ring of willpower
                                w - ring "Zyzac" {*Contam rElec rF+ rC+ Dex+4}
                                Q - ring of wizardry

@: paralysed, studying Slings
A: almost no armour, stealthy swim, amphibious, 8 rings, constrict 8, camouflage
1, blurry vision 1, gelatinous body 1
}: 2/15 runes: serpentine, barnacled
a: Renounce Religion, Channel Magic, Forget Spell, Divine Exegesis


You were on level 3 of the Vaults.
You worshipped Sif Muna.
Sif Muna was extremely pleased with you.
You visited 7 branches of the dungeon, and saw 35 of its levels.
You visited 1 bazaar.
You also visited: Ossuary, Bailey and Ice Cave.

You collected 7112 gold pieces.
You spent 5203 gold pieces at shops.

Inventory:

Hand Weapons
 a - a +5 dagger of freezing
Missiles
 d - 216 poisoned darts
 A - 11 throwing nets
 L - 26 curare-tipped darts
Armour
 c - a +6 tower shield of resistance (worn)
 J - a +2 hat of see invisible (worn)
Jewellery
 o - a ring of willpower (on tentacle)
 r - a ring of protection from fire (left tentacle)
 w - the ring "Zyzac" (on tentacle) {*Contam rElec rF+ rC+ Dex+4}
   (You acquired it on level 1 of the Snake Pit)

   [ring of protection from cold]

   It affects your dexterity (+4).
   It protects you from fire.
   It protects you from cold.
   It insulates you from electricity.
   It causes magical contamination when unequipped.
 x - a ring of poison resistance (on tentacle)
 C - an amulet of regeneration (around mantle)
 F - the ring "Eqiereah" (right tentacle) {MP+9 Int+4}
   (You acquired it on level 10 of the Dungeon)

   [ring of magical power]

   It affects your intelligence (+4).
   It affects your magic capacity (+9).
 H - a +4 ring of evasion (on tentacle)
 M - the ring of Miorchergh (on tentacle) {rC+ rN+ Str+3 Dex+2}
   (You found it on level 4 of the Lair of Beasts)

   [ring of protection from cold]

   It affects your strength (+3).
   It affects your dexterity (+2).
   It protects you from cold.
   It protects you from negative energy.
 Q - a ring of wizardry (on tentacle)
Wands
 n - a wand of digging (11)
 p - a wand of paralysis (10)
 T - a wand of iceblast (30)
 W - a wand of acid (26)
Scrolls
 j - 15 scrolls of remove curse
 l - 6 scrolls of enchant weapon
 m - 15 scrolls of teleportation
 v - 2 scrolls of amnesia
 z - 7 scrolls of blinking
 I - 4 scrolls of fear
 K - 10 scrolls of identify
 N - 3 scrolls of fog
 U - 2 scrolls of magic mapping
Potions
 b - 3 potions of invisibility
 e - 4 potions of haste
 f - a potion of cancellation
 g - 6 potions of might
 h - 19 potions of curing
 i - 8 potions of heal wounds
 k - 12 potions of flight
 q - a potion of resistance
 s - 8 potions of magic
 t - 10 potions of mutation
 u - 3 potions of ambrosia
 G - 7 potions of brilliance
Miscellaneous
 E - a phantom mirror
 R - a phial of floods
 X - a condenser vane
 Y - a lightning rod (4/4)
 Z - a box of beasts (inert)


   Skills:
 - Level 11.0 Fighting
 - Level 10.0 Short Blades
 - Level 11.0 Dodging
 - Level 10.0 Stealth
 + Level 15.5 Shields
 * Level 14.1 Spellcasting
 - Level 10.0 Conjurations
 + Level 4.4 Necromancy
 - Level 2.0 Translocations
 - Level 10.0 Transmutations
 - Level 12.0 Fire Magic
 - Level 12.0 Earth Magic


You had 6 spell levels left.
You knew the following spells:

 Your Spells              Type           Power        Failure   Level
a - Stone Arrow           Conj/Erth      100%         1%          3
b - Borgnjor's Vile Clut  Necr/Erth      31%          3%          5
c - Petrify               Tmut/Erth      71%          1%          4
d - Lee's Rapid Deconstr  Erth           37%          1%          5
e - Bolt of Magma         Conj/Fire/Erth 36%          1%          5
f - Apportation           Tloc           64%          1%          1
g - Fireball              Conj/Fire      35%          1%          5
h - Statue Form           Tmut/Erth      47%          6%          6
i - Irradiate             Conj/Tmut      34%          1%          5
G - Blink                 Tloc           N/A          2%          2

Your spell library contained the following spells:

 Spells                   Type           Power        Failure   Level
 Animate Skeleton         Necr           92%          1%          1
 Beastly Appendage        Tmut           100%         1%          1
 Foxfire                  Conj/Fire      100%         1%          1
 Magic Dart               Conj           100%         1%          1
 Pain                     Necr           100%         1%          1
 Sandblast                Erth           100%         1%          1
 Shock                    Conj/Air       100%         1%          1
 Passwall                 Tmut/Erth      59%          1%          2
 Searing Ray              Conj           100%         1%          2
 Sublimation of Blood     Necr           23%          1%          2
 Wereblood                Tmut           68%          1%          2
 Conjure Flame            Conj/Fire      71%          1%          3
 Dazzling Flash           Conj/Hex       98%          1%          3
 Ignite Poison            Fire/Tmut/Pois 58%          1%          3
 Inner Flame              Hex/Fire       53%          1%          3
 Static Discharge         Conj/Air       49%          1%          3
 Vampiric Draining        Necr           23%          1%          3
 Sticky Flame             Conj/Fire      71%          1%          4
 Blade Hands              Tmut           34%          1%          5
 Iskenderun's Battlesphe  Conj           68%          1%          5
 Mephitic Cloud           Conj/Pois/Air  39%          2%          3
 Iskenderun's Mystic Bla  Conj/Tloc      53%          2%          4
 Leda's Liquefaction      Hex/Erth       26%          2%          4
 Corona                   Hex            22%          3%          1
 Freeze                   Ice            80%          3%          1
 Gell's Gravitas          Tloc           16%          4%          3
 Lesser Beckoning         Tloc           16%          4%          3
 Teleport Other           Tloc           32%          4%          3
 Hailstorm                Conj/Ice       49%          4%          4
 Call Imp                 Summ           20%          5%          2
 Ensorcelled Hibernation  Hex/Ice        40%          5%          2
 Swiftness                Air            20%          5%          2
 Animate Dead             Necr           23%          6%          4
 Iron Shot                Conj/Erth      35%          6%          6
 Portal Projectile        Hex/Tloc       52%          7%          3
 Hydra Form               Tmut           34%          9%          6
 Confusing Touch          Hex            20%          11%         3
 Frozen Ramparts          Ice            40%          11%         3
 Ozocubu's Armour         Ice            20%          11%         3
 Summon Guardian Golem    Hex/Summ       20%          11%         3
 Tukima's Dance           Hex            20%          11%         3
 Alistair's Intoxication  Tmut/Pois      32%          12%         5
 Lightning Bolt           Conj/Air       24%          12%         5
 Yara's Violent Unravell  Hex/Tmut       24%          12%         5
 Passage of Golubria      Tloc           N/A          16%         4
 Agony                    Necr           46%          16%         5
 Airstrike                Air            10%          32%         4
 Cause Fear               Hex            10%          32%         4
 Summon Ice Beast         Ice/Summ       20%          32%         4
 Summon Lightning Spire   Summ/Air       20%          32%         4
 Summon Forest            Summ/Tloc      13%          50%         5
 Conjure Ball Lightning   Conj/Air       24%          52%         6
 Eringya's Noxious Bog    Tmut/Pois      24%          52%         6
 Death Channel            Necr           23%          61%         6
 Metabolic Englaciation   Hex/Ice        10%          65%         5
 Silence                  Hex/Air        10%          65%         5
 Summon Mana Viper        Hex/Summ       20%          65%         5
 Simulacrum               Ice/Necr       16%          87%         6
 Dragon Form              Tmut           34%          41%         7
 Lehudib's Crystal Spear  Conj/Erth      35%          91%         8
 Haunt                    Necr/Summ      16%          100%        7
 Malign Gateway           Summ/Tloc      13%          100%        7
 Monstrous Menagerie      Summ           10%          100%        7
 Ozocubu's Refrigeration  Ice            10%          100%        7
 Summon Hydra             Summ           10%          100%        7
 Disjunction              Tloc           16%          100%        8
 Necromutation            Tmut/Necr      29%          100%        8
 Shatter                  Erth           37%          100%        9
 Tornado                  Air            10%          100%        9


Dungeon Overview and Level Annotations

Branches:
Dungeon (15/15)            Temple (1/1) D:5            Lair (6/6) D:9
 Shoals (4/4) Lair:3        Snake (4/4) Lair:4        Slime (0/5) Lair:5
    Orc (2/2) D:10            Elf (0/3) Orc:2        Vaults (3/5) D:13
 Depths (0/5) D:15        Ossuary (visited)          Bailey (visited)
  IceCv (visited)
  Crypt: Vaults:2-3

Altars:
Ashenzari
Cheibriados
Dithmenos
Elyvilon
Fedhas
Gozag
Hepliaklqana
Kikubaaqudgha
Makhleb
Nemelex Xobeh
Okawaru
Qazlal
Ru
Sif Muna
Trog
Uskayaw
Vehumet
Wu Jian
Xom
Yredelemnul
Zin
The Shining One
Beogh
Jiyva

Shops:
D:8 (   D:11 (   Orc:1 [   Orc:2 :=(}*[   Shoals:1 *   Shoals:4 [   Snake:2 ([
Snake:4 *   Vaults:1 }=:*   Vaults:2 }

Annotations:
D:4 Dowan, Duvessa
D:15 Jorgrun
Lair:1 exclusion: oklob plant
Lair:2 2 transporters, Cancer's ghost, journeyman GrEE
Lair:5 1 runed translucent door, exclusion: oklob plant
Vaults:3 Frederick; Xtahua


Innate Abilities, Weirdness & Mutations

You cannot wear most types of armour.
You are very stealthy in the water. (Stealth+)
You are amphibious.
You can wear up to eight rings at the same time.
You can use your tentacles to constrict eight enemies at once.
Your skin changes colour to match your surroundings (Stealth+).
Your rubbery body absorbs attacks. (AC +1, EV +1)
Scrolls take you a little longer to read.


Message History

You hear a shout! x2
Xtahua breathes fire at you. The searing blast hits you! You resist.
You hear a shout!
Xtahua roars, "DIE, PUNY ONE!"
The vault sentinel blows a loud note on a signal horn!
The boulder beetle hits you!!
The boulder beetle stops rolling and uncurls.
You hear a shout! x2
The boulder beetle bites you!! Xtahua bites you!!
* * * LOW HITPOINT WARNING * * *
Xtahua claws you.
* * * LOW HITPOINT WARNING * * *
Xtahua barely misses you.
The vault guard shouts!
The boulder beetle leaps!
Frederick hits you from afar with a +6 demon trident.
* * * LOW HITPOINT WARNING * * *
Xtahua bites you!!
You die...

######### #.......#######
###############.......#...#..
#...........○.#B......#.).#..
#.............'.......'..)##.
#..####.####@.#.......####)).
#..#...)...#pD#.......#..#...
#..#.......#.@#.......#......
#..#..###..#p.#.......#..#...
#.....# #.....############...
#..#..###..#p.# #...##.
#..#.......#..# #...#..
#..#.......#..# ...#..
#..####.####..# #########+


You could see Frederick, Xtahua, a vault warden, a boulder beetle, a vault guard
and a vault sentinel (catching breath).

Vanquished Creatures
  Gastronok (Orc:1)
  The ghost of Siptim the Severer, an adept HOMo of Beogh (Shoals:3)
  Frances (D:12)
  Agnes (Snake:2)
  2 sphinxes (D:11)
  Kirke (Snake:3)
  A storm dragon (D:11)
  9 nagarajas
  A deep elf sorcerer (Vaults:3)
  A vault warden (Vaults:1)
  Louise (Shoals:3)
  3 ironheart preservers
  An orc warlord (Orc:2)
  A war gargoyle (Vaults:3)
  A very ugly thing (Vaults:1)
  4 stone giants
  Azrael (D:14)
  2 ettins
  3 merfolk javelineers (Shoals:4)
  A fire dragon (Vaults:2)
  6 merfolk impalers
  A rakshasa (Vaults:3)
  A great orb of eyes (Vaults:2)
  4 yaktaur captains
  8 hydras
  3 centaur warriors
  5 ice dragons
  7 anacondas
  2 vault guards (D:13)
  5 ogre magi
  A catoblepas (Lair:6)
  2 merfolk avatars
  12 two-headed ogres
  7 boulder beetles
  An alligator snapping turtle (Shoals:4)
  16 naga warriors
  A death knight (Vaults:2)
  6 merfolk aquamancers (Shoals:4)
  3 satyrs
  2 tengu warriors (D:15)
  A death yak (Lair:6)
  7 shock serpents
  An orc high priest (Orc:2)
  2 deep elf knights
  9 naga sharpshooters
  2 fire crabs (shapeshifter)
  4 salamander mystics
  4 skeletal warriors
  13 sea snakes
  3 deep trolls (Vaults:2)
  A deep elf archer (Vaults:3)
  5 unseen horrors
  6 naga ritualists
  A wolf spider zombie (D:14)
  A glowing orange brain (D:15)
  7 ironbrand convokers
  A wizard (Vaults:1)
  29 harpies
  9 orc knights
  A lindwurm (Lair:6)
  A necromancer (Vaults:1)
  Pikel (D:6)
  A harpy (shapeshifter) (Vaults:1)
  6 orc sorcerers
  4 mana vipers
  5 deep elf pyromancers
  3 deep elf zephyrmancers (Vaults:1)
  13 slime creatures
  5 oklob plants
  A wolf spider (Vaults:1)
  A shining eye (shapeshifter) (D:15)
  11 ugly things
  13 fauns
  A salamander (shapeshifter) (D:15)
  10 cyclopes
  9 salamanders
  2 ice statues (IceCv)
  9 elephants
  12 manticores
  4 water nymphs
  28 naga magi
  A torpor snail (Lair:6)
  Maurice (D:11)
  5 vault sentinels
  35 black mambas
  3 merfolk sirens
  15 cane toads
  A gargoyle (D:11)
  2 guardian serpents
  A rime drake (shapeshifter) (Vaults:1)
  Maggie (D:6)
  3 kobold demonologists
  10 rime drakes
  11 komodo dragons
  13 yaktaurs
  A freezing wraith (Vaults:1)
  A tengu conjurer (D:14)
  A troll (shapeshifter) (Vaults:1)
  6 wind drakes
  3 meliai (D:15)
  A polar bear (Lair:3)
  12 trolls
  3 hornets
  A polar bear (shapeshifter) (D:15)
  28 merfolk
  8 blink frogs
  10 dream sheep
  6 snapping turtles
  A frost giant simulacrum (Vaults:3)
  A shadow (D:11)
  A spriggan (shapeshifter) (D:15)
  4 wyverns
  10 humans
  6 water elementals
  69 yaks
  2 fire elementals (D:14)
  4 hogs (Snake:3)
  A fire bat (shapeshifter) (Vaults:2)
  3 wraiths
  5 basilisks
  5 steam dragons
  A vampire mosquito (D:11)
  6 wargs
  46 nagas
  2 acid dragons (D:11)
  3 hell hounds (D:14)
  31 water moccasins
  A swamp drake (D:10)
  33 orc warriors
  4 black bears
  7 sky beasts
  A necrophage (D:13)
  16 ice beasts
  13 wolves
  18 centaurs
  21 ogres
  2 orc skeletons (Vaults:1)
  4 lemures (D:6)
  7 phantoms
  A yaktaur zombie (Vaults:1)
  5 big kobolds
  Blork the orc (Orc:2)
  16 bullfrogs
  2 gnoll sergeants
  4 scorpions
  2 killer bees (D:11)
  14 wights
  5 electric eels
  5 howler monkeys
  A quasit (D:11)
  7 hounds
  21 orc priests
  4 bullfrog zombies
  5 centaur skeletons
  5 bullfrog skeletons
  2 jellies
  33 orc wizards
  7 iguanas
  7 worker ants
  A killer bee zombie (D:5)
  3 mummies (Ossuary)
  28 gnolls
  35 adders
  2 shadow imps
  3 white imps
  An ufetubus (D:7)
  2 oozes
  An adder skeleton (D:5)
  6 adder zombies (Ossuary)
  5 worms
  6 dart slugs
  5 leopard geckos
  101 orcs
  2 ball pythons
  3 giant cockroaches
  12 goblins
  18 hobgoblins
  3 jackals
  4 quokkas
  A ball python zombie (D:5)
  9 bats
  8 frilled lizards
  A goblin zombie (Ossuary)
  3 hobgoblin zombies (Ossuary)
  40 kobolds
  5 kobold zombies (Ossuary)
  A quokka skeleton (D:5)
  A quokka zombie (D:5)
  5 rats
  3 rat zombies (Ossuary)
1353 creatures vanquished.

Vanquished Creatures (others)
  A merfolk aquamancer (Shoals:4)
  An orc knight (Vaults:1)
  A human (D:13)
  41 fungi
  87 plants
131 creatures vanquished.

Grand Total: 1484 creatures vanquished

Notes
Turn   | Place    | Note
-------+----------+-------------------------------------------
     0 | D:1      | gimp the Octopode Earth Elementalist began the quest for
                  | the Orb.
     0 | D:1      | Reached XP level 1. HP: 11/11 MP: 3/3
    51 | D:1      | Reached XP level 2. HP: 18/18 MP: 0/5
   355 | D:1      | Reached skill level 1 in Fighting
   648 | D:1      | Reached XP level 3. HP: 23/23 MP: 4/6
   654 | D:1      | Learned a level 3 spell: Stone Arrow
  1539 | D:2      | Reached skill level 1 in Conjurations
  1643 | D:2      | Reached XP level 4. HP: 28/28 MP: 0/7
  2411 | D:3      | Reached XP level 5. HP: 34/34 MP: 5/8
  2436 | D:3      | Noticed an ogre
  2443 | D:3      | Killed an ogre
  2792 | D:3      | Reached skill level 5 in Earth Magic
  2792 | D:3      | Reached XP level 6. HP: 40/40 MP: 6/9
  2826 | D:3      | Found a snail-covered altar of Cheibriados.
  2984 | D:3      | Found an iron altar of Okawaru.
  3407 | D:4      | Noticed Duvessa
  3407 | D:4      | Noticed Dowan
  3626 | D:4      | Found a radiant altar of Vehumet.
  3937 | D:5      | Entered Level 5 of the Dungeon
  3937 | D:5      | Found a bloodstained altar of Trog.
  4188 | D:5      | Noticed a sky beast
  4196 | D:5      | Killed a sky beast
  4197 | D:5      | Reached XP level 7. HP: 38/46 MP: 3/10
  4250 | D:5      | Found a staircase to the Ecumenical Temple.
  4321 | Temple   | Entered the Ecumenical Temple
  4540 | Temple   | Became a worshipper of Sif Muna the Loreminder
  5458 | D:5      | Found a blossoming altar of Fedhas.
  5537 | D:5      | Reached skill level 5 in Conjurations
  5537 | D:5      | Reached XP level 8. HP: 35/52 MP: 6/12
  5681 | D:6      | Noticed Maggie
  5682 | D:6      | Noticed a wraith
  5921 | D:6      | Noticed Pikel
  5960 | D:6      | Found an ancient bone altar of Kikubaaqudgha.
  6001 | D:6      | Found a sand-covered staircase.
  6009 | D:6      | Killed Pikel
  6010 | D:6      | Reached XP level 9. HP: 16/56 MP: 2/16
  6036 | Ossuary  | Entered an ossuary
  6206 | Ossuary  | Reached * piety under Sif Muna
  6865 | D:6      | Killed Maggie
  6866 | D:6      | Reached skill level 1 in Short Blades
  6866 | D:6      | Reached skill level 5 in Spellcasting
  7277 | D:7      | Learned a level 5 spell: Lee's Rapid Deconstruction
  7282 | D:7      | Learned a level 4 spell: Petrify
  7478 | D:7      | Found a bloodstained altar of Trog.
  7571 | D:7      | Identified a scroll of acquirement
  7571 | D:7      | Acquired 1167 gold pieces
  8533 | D:8      | Reached skill level 10 in Earth Magic
  8787 | D:8      | Reached ** piety under Sif Muna
  8950 | D:8      | Found Zutuom's Weapon Boutique.
  9174 | D:8      | Reached XP level 10. HP: 63/63 MP: 14/18
  9841 | D:9      | Found a flagged portal.
  9918 | Bailey   | Entered a bailey
 10059 | Bailey   | Reached *** piety under Sif Muna
 10144 | Bailey   | Noticed an orc knight
 10358 | Bailey   | Killed an orc knight
 10779 | Bailey   | Acquired 555 gold pieces
 10992 | D:9      | Noticed a two-headed ogre
 11005 | D:9      | Killed a two-headed ogre
 11174 | D:9      | Found a shimmering altar of Xom.
 11285 | D:9      | Found a glowing golden altar of the Shining One.
 11462 | D:9      | Found a broken altar of Ashenzari.
 11697 | D:9      | Found a staircase to the Lair.
 11819 | D:9      | Identified the cursed +0 leather armour "Guhiur" {+Inv
                  | Str+3 Int+3 Slay-2}
 11916 | D:10     | Entered Level 10 of the Dungeon
 12085 | D:10     | Reached **** piety under Sif Muna
 12426 | D:10     | Acquired the ring "Eqiereah" {MP+9 Int+4}
 12644 | D:10     | Reached skill level 5 in Transmutations
 12644 | D:10     | Reached XP level 11. HP: 66/67 MP: 15/21
 12995 | D:10     | Reached skill level 5 in Short Blades
 13162 | D:10     | Found a staircase to the Orcish Mines.
 13733 | D:11     | Noticed a boulder beetle
 13750 | D:11     | Killed a boulder beetle
 13825 | D:11     | Noticed Maurice
 13834 | D:11     | Killed Maurice
 14679 | D:11     | Noticed a green ugly thing
 14687 | D:11     | Killed a green ugly thing
 14741 | D:11     | Found Zohouh's Antique Weapon Shoppe.
 14805 | D:11     | Reached ***** piety under Sif Muna
 14805 | D:11     | Identified Sif Muna's Reference Book on Displaced
                  | Conjuration (Sif Muna gifted it to you on level 11 of the
                  | Dungeon)
 14805 | D:11     | Received a gift from Sif Muna
 14806 | D:11     | Reached skill level 1 in Shields
 14818 | D:11     | Learned a level 5 spell: Bolt of Magma
 15032 | D:11     | Noticed a cyclops
 15043 | D:11     | Killed a cyclops
 15044 | D:11     | Reached skill level 2 in Shields
 15277 | D:11     | Reached skill level 3 in Shields
 15327 | D:11     | Noticed a two-headed ogre
 15330 | D:11     | Killed a two-headed ogre
 15408 | D:11     | Reached skill level 5 in Stealth
 15408 | D:11     | Reached skill level 4 in Shields
 15510 | D:11     | Reached XP level 12. HP: 72/72 MP: 16/24
 15860 | D:11     | Reached skill level 5 in Shields
 16326 | D:11     | Noticed a storm dragon
 16427 | Lair:1   | Entered Level 1 of the Lair of Beasts
 16439 | Lair:1   | Reached skill level 6 in Shields
 17244 | Lair:1   | Reached skill level 7 in Shields
 18309 | Lair:2   | Identified Suikatuts's Reference Book on the Creative
                  | Mountains (Sif Muna gifted it to you on level 2 of the Lair
                  | of Beasts)
 18309 | Lair:2   | Received a gift from Sif Muna
 18360 | Lair:2   | Reached skill level 8 in Shields
 18697 | Lair:2   | Found a transporter.
 18700 | Lair:2   | Found a transporter.
 18713 | Lair:2   | Reached XP level 13. HP: 77/77 MP: 25/25
 18756 | Lair:2   | Noticed Cancer's ghost (journeyman GrEE)
 18908 | Lair:2   | Reached skill level 9 in Shields
 19893 | Lair:2   | Reached skill level 10 in Stealth
 20515 | Lair:3   | Found a staircase to the Shoals.
 20656 | Lair:3   | Reached skill level 10 in Shields
 20663 | Lair:3   | Found a frozen archway.
 20754 | IceCv    | Entered an ice cave
 21470 | IceCv    | Noticed an ice dragon
 21470 | IceCv    | Noticed an ice dragon
 21486 | IceCv    | Killed an ice dragon
 21531 | IceCv    | Killed an ice dragon
 21648 | IceCv    | Identified Tistuts's Volume of the Floating Voyage (Sif
                  | Muna gifted it to you in an ice cave)
 21648 | IceCv    | Received a gift from Sif Muna
 21654 | IceCv    | Learned a level 1 spell: Apportation
 22179 | Lair:3   | Reached skill level 10 in Transmutations
 22369 | Lair:3   | Reached skill level 11 in Shields
 23030 | Lair:4   | Got a slimy brass ring
 23031 | Lair:4   | Identified the ring of Miorchergh {rC+ rN+ Str+3 Dex+2}
                  | (You found it on level 4 of the Lair of Beasts)
 23164 | Lair:4   | Reached XP level 14. HP: 79/83 MP: 23/26
 23549 | Lair:4   | Found a staircase to the Snake Pit.
 24229 | Lair:5   | Learned a level 2 spell: Blink
 24424 | Lair:5   | Reached skill level 1 in Translocations
 24519 | Lair:5   | Reached skill level 12 in Shields
 24779 | Lair:5   | Found a runed translucent door.
 24779 | Lair:5   | Found a viscous altar of Jiyva.
 24779 | Lair:5   | Noticed an azure jelly
 24780 | Lair:5   | Noticed an azure jelly
 24781 | Lair:5   | Found a staircase to the Slime Pits.
 25782 | Lair:6   | Entered Level 6 of the Lair of Beasts
 25933 | Lair:5   | Identified Sif Muna's Reference Book on Earth and
                  | Transmutation (Sif Muna gifted it to you on level 5 of the
                  | Lair of Beasts)
 25933 | Lair:5   | Received a gift from Sif Muna
 25944 | Lair:5   | Learned a level 6 spell: Statue Form
 26795 | Lair:6   | Reached skill level 13 in Shields
 28285 | Orc:1    | Entered Level 1 of the Orcish Mines
 28285 | Orc:1    | Found Miumiso's Antique Armour Shop.
 28774 | Orc:2    | Entered Level 2 of the Orcish Mines
 28775 | Orc:2    | Found Wiuwib's Book Shop.
 28834 | Orc:2    | Found a staircase to the Elven Halls.
 28840 | Orc:2    | Bought a book of Unlife for 715 gold pieces
 28840 | Orc:2    | Bought a book of Alchemy for 825 gold pieces
 28848 | Orc:2    | Learned a level 5 spell: Borgnjor's Vile Clutch
 29036 | Orc:2    | Noticed Blork the orc
 29051 | Orc:2    | Reached XP level 15. HP: 85/88 MP: 28/28
 29056 | Orc:2    | Killed Blork the orc
 29377 | Orc:2    | Noticed an orc warlord
 29396 | Orc:2    | Killed an orc warlord
 29637 | Orc:2    | Identified Sif Muna's Almanac of Congealing Changing (Sif
                  | Muna gifted it to you on level 2 of the Orcish Mines)
 29637 | Orc:2    | Received a gift from Sif Muna
 30012 | Orc:2    | Found a roughly hewn altar of Beogh.
 30022 | Orc:2    | Found Qeteso's General Store.
 30060 | Orc:2    | Found Etiurosh's Jewellery Emporium.
 30070 | Orc:2    | Bought an uncursed ring of poison resistance for 340 gold
                  | pieces
 30187 | Orc:2    | Found a gateway to a bazaar.
 30222 | Orc:2    | Bought a scroll of magic mapping for 38 gold pieces
 30222 | Orc:2    | Bought a scroll of identify for 22 gold pieces
 30522 | Orc:2    | Reached skill level 14 in Shields
 30569 | Orc:2    | Reached skill level 10 in Short Blades
 31074 | Orc:2    | Found Ziemei's Antique Weapon Emporium.
 31192 | Orc:2    | Found Pufuntut's Antique Armour Emporium.
 31214 | Orc:2    | Found Duchul's Gadget Emporium.
 31866 | Orc:1    | Noticed Gastronok
 31880 | Orc:1    | Killed Gastronok
 32298 | Bazaar   | Entered a bazaar
 32312 | Bazaar   | Found Ojuin's General Store.
 32312 | Bazaar   | Found Linu's Assorted Antiques.
 32333 | Bazaar   | Found Alyllo Ipui's Armour Emporium.
 32333 | Bazaar   | Found Qesimum's Book Shoppe.
 32368 | Bazaar   | Found Iffaovoci's Antique Weapon Emporium.
 32440 | Bazaar   | Bought a potion of curing for 36 gold pieces
 32440 | Bazaar   | Bought a potion of haste for 120 gold pieces
 32440 | Bazaar   | Bought a wand of iceblast (9) for 156 gold pieces
 32440 | Bazaar   | Bought an uncursed ring of magical power for 240 gold
                  | pieces
 32446 | Bazaar   | Bought a bone wand for 92 gold pieces
 32542 | Orc:2    | Bought a condenser vane for 600 gold pieces
 32542 | Orc:2    | Bought a lightning rod (4/4) for 450 gold pieces
 32542 | Orc:2    | Bought a box of beasts for 600 gold pieces
 32542 | Orc:2    | Bought a wand of acid (5) for 270 gold pieces
 32853 | D:11     | Killed a storm dragon
 33209 | D:11     | Noticed a sphinx
 33222 | D:11     | Killed a sphinx
 33353 | D:11     | Noticed a sphinx
 33361 | D:11     | Killed a sphinx
 33752 | D:12     | Identified Petiluoh's Handbook of the Rocks and Snow (Sif
                  | Muna gifted it to you on level 12 of the Dungeon)
 33752 | D:12     | Received a gift from Sif Muna
 33882 | D:12     | Reached skill level 10 in Spellcasting
 33946 | D:12     | Noticed Frances
 33961 | D:12     | Killed Frances
 34793 | D:12     | You fall into a shaft and drop 1 floor!
 35085 | D:13     | Reached skill level 15 in Shields
 35485 | D:13     | Reached skill level 1 in Fire Magic
 35536 | D:13     | Found a gate to the Vaults.
 35709 | D:13     | Found a bloodstained altar of Trog.
 35788 | D:13     | Reached skill level 5 in Dodging
 35799 | D:13     | Reached XP level 16. HP: 85/93 MP: 3/30
 36302 | D:14     | Received a gift from Sif Muna
 37156 | D:14     | Noticed Azrael
 37164 | D:14     | Killed Azrael
 37502 | D:15     | Entered Level 15 of the Dungeon
 38104 | D:15     | Reached skill level 5 in Fire Magic
 38251 | D:15     | Noticed Jorgrun
 38832 | D:15     | Reached skill level 5 in Fighting
 38993 | D:15     | Gained mutation: Scrolls take you a little longer to read.
                  | [a shining eye]
 39069 | D:15     | Found a staircase to the Depths.
 39422 | Snake:1  | Entered Level 1 of the Snake Pit
 39681 | Snake:1  | Acquired the ring "Zyzac" {*Contam rElec rF+ rC+ Dex+4}
 39962 | Snake:1  | Acquired a +2 tower shield of resistance
 40229 | Snake:1  | Acquired 748 gold pieces
 41230 | Snake:2  | Identified Sif Muna's Incunabulum of Companions (Sif Muna
                  | gifted it to you on level 2 of the Snake Pit)
 41230 | Snake:2  | Received a gift from Sif Muna
 41427 | Snake:2  | Noticed Agnes
 41450 | Snake:2  | Killed Agnes
 41751 | Snake:2  | Found Enluqiuz's Armour Boutique.
 41802 | Snake:2  | Learned a level 5 spell: Irradiate
 42684 | Snake:2  | Found Zuvaaley's Antique Weapon Shoppe.
 42694 | Snake:2  | Reached XP level 17. HP: 94/106 MP: 20/32
 43568 | Snake:3  | Noticed Kirke
 43593 | Snake:3  | Acquired 505 gold pieces
 44572 | Snake:3  | Received a gift from Sif Muna
 45263 | Snake:3  | Killed Kirke
 46030 | Snake:4  | Entered Level 4 of the Snake Pit
 46193 | Snake:4  | Identified the +10 short sword of Qazlal's Castigation
                  | {flame, *Contam +Blink rPois rN+} (You found it on level 4
                  | of the Snake Pit)
 46246 | Snake:4  | Found Soacveak's General Store.
 46254 | Snake:4  | Bought a potion of brilliance for 40 gold pieces
 46254 | Snake:4  | Bought a scroll of teleportation for 30 gold pieces
 46502 | Snake:4  | Reached skill level 10 in Fire Magic
 47635 | Snake:4  | Reached XP level 18. HP: 112/116 MP: 7/34
 48622 | Snake:4  | Got a serpentine rune of Zot
 48850 | Shoals:1 | Entered Level 1 of the Shoals
 49307 | Shoals:1 | Found Dysheeg's Island Escapes.
 49312 | Shoals:1 | Bought a scroll of blinking for 82 gold pieces
 49312 | Shoals:1 | Bought a scroll of blinking for 82 gold pieces
 49312 | Shoals:1 | Bought a scroll of blinking for 82 gold pieces
 49312 | Shoals:1 | Bought a scroll of teleportation for 33 gold pieces
 49312 | Shoals:1 | Bought a potion of invisibility for 88 gold pieces
 49748 | Shoals:1 | Identified Sif Muna's Catalogue of Earthen Malediction (Sif
                  | Muna gifted it to you on level 1 of the Shoals)
 49748 | Shoals:1 | Received a gift from Sif Muna
 51294 | Shoals:3 | Noticed Louise
 51337 | Shoals:3 | Killed Louise
 51486 | Shoals:3 | Found a runed translucent door.
 51646 | Shoals:3 | Noticed Siptim's ghost (adept HOMo)
 51676 | Shoals:3 | Killed Siptim's ghost
 51677 | Shoals:3 | Reached skill level 10 in Dodging
 52577 | Shoals:4 | Entered Level 4 of the Shoals
 53446 | Shoals:4 | Identified Sif Muna's Grimoire of Destructive Changing (Sif
                  | Muna gifted it to you on level 4 of the Shoals)
 53446 | Shoals:4 | Received a gift from Sif Muna
 53447 | Shoals:4 | Reached XP level 19. HP: 120/126 MP: 19/35
 53735 | Shoals:4 | Reached skill level 10 in Fighting
 54170 | Shoals:4 | Found the +12 glaive of Prune {vorpal}
 54203 | Shoals:4 | Got a barnacled rune of Zot
 54269 | Shoals:4 | Found Egucvino's Armour Shop.
 54290 | Shoals:4 | Identified Sif Muna's Catalogue of the Volcanoes and Battle
                  | Magic
 55035 | Vaults:1 | Entered Level 1 of the Vaults
 55270 | Vaults:1 | Found Sys Ajez's General Store.
 55277 | Vaults:1 | Bought a potion of heal wounds for 75 gold pieces
 55277 | Vaults:1 | Bought a scroll of blinking for 112 gold pieces
 55277 | Vaults:1 | Bought a potion of heal wounds for 75 gold pieces
 55571 | Vaults:1 | Learned a level 5 spell: Fireball
 55687 | Vaults:1 | Identified Sif Muna's Reference Book on Conjuration and
                  | Transmigration (Sif Muna gifted it to you on level 1 of the
                  | Vaults)
 55687 | Vaults:1 | Received a gift from Sif Muna
 55822 | Vaults:1 | Found Jonura's Gadget Shoppe.
 56668 | Vaults:1 | Found Qohuusch's Book Shoppe.
 56709 | Vaults:1 | Found Qiabiq's Jewellery Shop.
 56903 | Vaults:2 | Reached skill level 10 in Conjurations
 56974 | Vaults:2 | Found Jamoniwe's Gadget Boutique.
 56992 | Vaults:2 | Reached skill level 1 in Necromancy
 57800 | Vaults:2 | Identified Sif Muna's Collected Works on Cloudy Curses (Sif
                  | Muna gifted it to you on level 2 of the Vaults)
 57800 | Vaults:2 | Received a gift from Sif Muna
 57936 | Vaults:2 | Reached XP level 20. HP: 112/135 MP: 11/37
 59100 | Vaults:3 | Noticed Xtahua
 59105 | Vaults:3 | Noticed Frederick
 59137 | Vaults:3 | Paralysed by Xtahua for 7 turns
 59143 | Vaults:3 | Slain by Xtahua

Illustrated notes

Levels and vault maps discovered:
D:1:      arrival_zaba_pyramid, layout_basic, serial_curves, eino_curves_04,
          eino_curves_03, eino_curves_04, eino_curves_02
D:2:      layout_basic
D:3:      layout_rooms, kennysheep_slug_shrine, okawaru_altar_gauntlet_db,
          minmay_increasing_density
D:4:      layout_basic, vehumet_altar_wand_db, uniq_duvessa
D:5:      layout_gridville, marbit_many_paths, minmay_temple_entry_ruins,
          trog_three_pillars_becter
D:6:      layout_gridville, kennysheep_mini, nicolae_ossuary_entry_monument,
          uniq_maggie, uniq_pikel
D:7:      layout_loops_cross, lemuel_crystal_altar, serial_bayou,
          serial_bayou_pond_a, serial_bayou_pond_e, serial_bayou_shore_b,
          serial_bayou_ford_a
D:8:      layout_gridville, serial_shops, shop, kennysheep_cross_room
D:9:      layout_roguey, xom_butterflies, general_overflow_altar,
          nicolae_overflow_hidden_temple, david_lair_shrubbed, enter_bailey_5
D:10:     layout_long_grid, erik_orc_1
D:11:     nzn_winding_woodlands_huge [nzn_winding_woodlands_5x15_default,
          nzn_winding_woodlands_5x15_twine, nzn_winding_woodlands_5x15_pockets,
          nzn_winding_woodlands_5x15_garden,
          nzn_winding_woodlands_5x15_lazy_stream,
          nzn_winding_woodlands_5x15_eye, nzn_winding_woodlands_5x15_cabin,
          nzn_winding_woodlands_5x15_pool,
          nzn_winding_woodlands_5x15_concentric,
          nzn_winding_woodlands_5x15_jagged,
          nzn_winding_woodlands_center_garden,
          nzn_winding_woodlands_center_pierced_h,
          nzn_winding_woodlands_15x15_thick_spiral], layout_irregular_city,
          serial_shops, shop, uniq_maurice
D:12:     layout_roguey, minmay_misc_feat_square, uniq_frances
D:13:     layout_loops_ring, ximxim_vaults_locker_room, basic_altar
D:14:     layout_loops_corners, minmay_misc_feat_x,
          chequers_hall_statues_corner_a, uniq_azrael
D:15:     gammafunk_enter_depths_forms, layout_loops_ring,
          minmay_misc_feat_five, uniq_jorgrun
Temple:   cyrus_circular_temple
Lair:1:   minmay_lair_oklob_tunnel, layout_gridlike
Lair:2:   lemuel_reptile_caves, layout_long_grid, gammafunk_ghost_arena
Lair:3:   layout_regular_city, shoals_dummy_entry,
          portal_ice_cave_entry_pillars_2, serial_bayou_shore_a,
          grunt_megastairs_1, lemuel_fruit_tree
Lair:4:   layout_roguey, guppyfry_snake_entry_garden,
          cheibrodos_lair_caveside_slide, columned_hall_lemuel
Lair:5:   layout_roguey, slime_altar_2, minmay_lair_oklob_chamber
Lair:6:   due_jungle_book, layout_regular_city, st_stairs_8
Shoals:1: layout_shoals, nicolae_island_escapes
Shoals:2: layout_shoals, nicolae_shoals_cliffside_cave
Shoals:3: layout_shoals, ebering_ghost_inner_flame, ldierk_geyser, uniq_louise
Shoals:4: shoals_end_simple, layout_shoals, serial_shops,
          nicolae_shop_statue_plus, nicolae_shoals_drake_roost
Snake:1:  layout_chambers, grunt_ministairs_7, drop_trap
Snake:2:  layout_layer_cave, serial_shops, shop, minmay_shop_star, uniq_agnes
Snake:3:  layout_cave_shapes, evilmike_ambush [evilmike_ambush_outer_basic,
          evilmike_ambush_inner_basic], serial_bayou_shore_b, uniq_kirke
Snake:4:  snake_pit, layout_cave_town, serial_shops, shop_fountains
Orc:1:    layout_diamond_mine, serial_shops, nicolae_shop_statue_plus,
          nicolae_orc_damp_corner, minmay_orc_keep, uniq_gastronok
Orc:2:    grunt_orc_cross, layout_diamond_mine, serial_shops, bzr_in_the_mist,
          shop, nicolae_shop_trees
Vaults:1: v_misc_24, v_misc_13, ontoclasm_vaults_shout, v_misc_16, v_misc_33,
          nicolae_vaults_rhombus_6, nicolae_vaults_yaktaur_gun_rack,
          ontoclasm_vaults_twist, v_pattern_5, hangedman_vaults_nails,
          nicolae_vaults_angled_halls, v_misc_12, v_misc_18, layout_vaults_maze,
          serial_shops, shop, shop, shop, nicolae_shop_stone
Vaults:2: nicolae_vaults_little_squares_3, hangedman_vaults_cutoff,
          vaults_room_stairs_pillars, nicolae_vaults_circle_grid_b,
          vaults_room_semicircle, nicolae_vaults_little_squares_4,
          layout_vaults_omnigrid, serial_shops, shop_fountains
Vaults:3: nicolae_vaults_network_periphery, hangedman_vaults_stitches,
          st_smaller_cells, minmay_crypt_entry_simple_round,
          vaults_room_corners, ontoclasm_vaults_idyll, v_misc_18,
          vaults_room_corners, ontoclasm_vaults_pinch, v_alt_pattern_2,
          v_alt_pattern_4, v_misc_15, layout_vaults_ring, uniq_bai_suzhen,
          uniq_frederick, uniq_xtahua

Skill      XL: |  1  2  3  4  5  6  7  8  9 10 11 12 13 14 15 16 17 18 19 20 |
---------------+-------------------------------------------------------------+-----
Fighting       | 1 2 3 6 8 9 11 | 11.0
Earth Magic    | 4 5 6 9 10 11 12 | 12.0
Conjurations   | 1 2 4 5 7 10 | 10.0
Spellcasting   | 4 5 6 8 9 10 11 12 13 14 | 14.1
Short Blades   | 2 4 6 7 9 10 | 10.0
Transmutations | 3 5 6 8 10 | 10.0
Stealth        | 5 9 10 | 10.0
Shields        | 4 8 11 13 15 | 15.5
Translocations | 2 |  2.0
Dodging        | 5 7 9 10 11 | 11.0
Fire Magic     | 2 7 10 12 | 12.0
Necromancy     | 3 4 |  4.4

Action                   |  1- 3 |  4- 6 |  7- 9 | 10-12 | 13-15 | 16-18 | 19-21 || total
-------------------------+-------+-------+-------+-------+-------+-------+-------++-------
Melee: Dagger            |    24 |    64 |    68 |   151 |   318 |   159 |    17 ||   801
       Constrict         |     8 |    16 |    17 |    16 |    40 |    53 |    45 ||   195
       Tentacles         |     1 |     7 |    13 |    27 |    70 |    89 |   119 ||   326
       Unarmed           |       |       |       |       |    41 |   171 |   380 ||   592
Throw: Dart              |       |    12 |     9 |     9 |       |       |       ||    30
 Cast: Sandblast         |    43 |    66 |    75 |       |       |       |       ||   184
       Stone Arrow       |       |     1 |    61 |   307 |   545 |   382 |    91 ||  1387
       Lee's Rapid Decon |       |       |     6 |    31 |    39 |    16 |    13 ||   105
       Petrify           |       |       |     1 |    33 |   146 |   131 |    20 ||   331
       Bolt of Magma     |       |       |       |       |     6 |   157 |    63 ||   226
       Statue Form       |       |       |       |       |     2 |     6 |     9 ||    17
       Blink             |       |       |       |       |     1 |     2 |       ||     3
       Borgnjor's Vile C |       |       |       |       |       |    55 |    29 ||    84
       Irradiate         |       |       |       |       |       |    25 |    18 ||    43
       Fireball          |       |       |       |       |       |       |    11 ||    11
Evoke: Box of beasts     |       |       |       |       |     1 |     1 |     1 ||     3
       Condenser vane    |       |       |       |       |       |     2 |       ||     2
       Lightning rod     |       |       |       |       |       |     4 |       ||     4
       Wand              |       |       |       |       |       |       |     6 ||     6
  Use: Scroll            |       |     1 |    22 |     7 |     7 |    13 |     5 ||    55
       Potion            |       |       |     5 |     5 |     4 |     3 |     1 ||    18
 Stab: Sleeping          |     3 |     4 |       |     2 |     1 |     5 |     3 ||    18
       Petrified         |       |       |       |    63 |   111 |    73 |    17 ||   264
       Petrifying        |       |       |       |     1 |     1 |    12 |       ||    14
       Distracted        |       |       |       |       |     1 |       |       ||     1
Armor: Skin              |     5 |    10 |     3 |    29 |    26 |    63 |    48 ||   184
Dodge: Dodged            |    14 |    86 |    64 |    64 |   221 |   400 |   257 ||  1106
Block: Kite shield       |       |       |       |    61 |   260 |   216 |       ||   537
       Tower shield      |       |       |       |       |       |   432 |   671 ||  1103

Table legend: (Time is in decaauts)
 A = Elapsed time spent in this place.
 B = Non-inter-level travel time spent in this place.
 C = Inter-level travel time spent in this place.
 D = Time resting spent in this place.
 E = Time spent auto-exploring this place.
 F = Levels seen in this place.
 G = Mean time per level.
                   A        B        C        D        E       F      G
               +--------+--------+--------+--------+--------+-----+--------+
         Total |  59483 |  57231 |   2252 |   3378 |  43711 |  39 | 1525.2 |
       Dungeon |  21993 |  20960 |   1033 |    756 |  17065 |  15 | 1466.2 |
        Temple |    232 |    200 |     32 |      0 |    198 |   1 |  232.0 |
          Lair |  10775 |  10257 |    518 |   1168 |   7487 |   6 | 1795.8 |
        Shoals |   6118 |   5986 |    132 |    380 |   4297 |   4 | 1529.5 |
     Snake Pit |   9247 |   8979 |    268 |    469 |   6974 |   4 | 2311.8 |
  Orcish Mines |   4077 |   3810 |    267 |    306 |   2825 |   2 | 2038.5 |
        Vaults |   4412 |   4412 |      0 |      0 |   3249 |   3 | 1470.7 |
        Bazaar |    200 |    200 |      0 |      0 |     89 |   1 |  200.0 |
       Ossuary |    433 |    433 |      0 |     71 |    254 |   1 |  433.0 |
        Bailey |    872 |    872 |      0 |      2 |    633 |   1 |  872.0 |
      Ice Cave |   1120 |   1120 |      0 |    226 |    638 |   1 | 1120.0 |
               +--------+--------+--------+--------+--------+-----+--------+

Top non-repeatable levels by time:
    D:11: 3907 daAuts
 Snake:3: 2906 daAuts
   Orc:2: 2456 daAuts
 Snake:2: 2383 daAuts
 Snake:4: 2308 daAuts
Shoals:4: 2194 daAuts
  Lair:2: 2077 daAuts
  Lair:5: 2054 daAuts
Vaults:2: 2041 daAuts
Vaults:1: 1901 daAuts
  Lair:1: 1879 daAuts
  Lair:6: 1821 daAuts
    D:10: 1772 daAuts
    D:15: 1693 daAuts
 Snake:1: 1648 daAuts
